Map: Ice and Chrome LE

Players

DnS - Winner!

  • Race: Protoss Protoss
  • Spawn Location: 7:00

Van (Vanya)

  • Race: Zerg Zerg
  • League: Master
  • Spawn Location: 1:00

Event: DreamHack SC2 Masters 2020 Fall

VOD

Have the link to the VOD?

Description

Time

  • Played on: Sept. 6, 2020, 11:59 a.m.
  • Length: 11:56

All games in this series

Show
View Real Time Build Order
Export as new Build Order

DnS Protoss - Winner!

Build Orders: 1 Gate Expand, Oracle Opening, Zealot Archon 

Get SALT Encoding   

  12  0:00  Probe  
  13  0:12  Probe  
  14  0:20  Pylon  
  14  0:24  Probe  
  15  0:38  Probe (Chrono Boost)  
  15  0:40  Gateway  
  16  0:47  Probe (Chrono Boost)  
  16  0:49  Assimilator  
  17  0:52  Probe (Chrono Boost)  
  18  1:04  Probe  
  19  1:16  Probe  
  20  1:26  Nexus  
  20  1:36  Cybernetics Core  
  20  1:39  Probe  
  21  1:47  Assimilator  
  21  1:51  Probe  
  22  1:55  Pylon  
  22  2:09  Probe  
  22  2:10  Adept (Chrono Boost)  
  25  2:17  Stargate  
  25  2:21  Probe  
  26  2:28  Warp Gate  
  26  2:32  Adept (Chrono Boost)  
  26  2:36  Probe (Chrono Boost)  
  29  2:38  Probe (Chrono Boost)  
  30  2:48  Probe (Chrono Boost)  
  30  2:49  Probe (Chrono Boost)  
  32  2:53  Probe (Chrono Boost)  
  32  2:54  Adept  
  32  2:57  Probe  
  36  3:03  Oracle (Chrono Boost)  
  36  3:05  Probe  
  40  3:09  Probe  
  41  3:17  Probe, Pylon  
  42  3:22  Probe  
  42  3:24  Adept  
  45  3:29  Probe  
  44  3:34  Oracle (Chrono Boost)  
  44  3:36  Probe  
  44  3:40  Gateway  
  44  3:41  Probe  
  47  3:48  Probe  
  48  3:49  Assimilator  
  48  3:51  Assimilator, Pylon  
  48  3:53  Probe  
  49  4:00  Probe  
  50  4:05  Probe  
  49  4:16  Probe (Chrono Boost)  
  50  4:20  Robotics Facility  
  50  4:24  Adept, Probe (Chrono Boost)  
  50  4:29  Probe (Chrono Boost)  
  50  4:30  Probe (Chrono Boost)  
  54  4:34  Adept  
  54  4:37  Probe  
  57  4:38  Probe  
  55  4:47  Adept  
  55  4:48  Nexus  
  55  4:49  Probe  
  55  4:51  Phoenix, Pylon  
  60  4:54  Probe  
  60  4:58  Pylon  
  61  5:02  Probe  
  62  5:09  Observer, Probe  
  62  5:11  Twilight Council, Forge, Sentry  
  62  5:12  Sentry  
  68  5:15  Pylon  
  68  5:22  Probe  
  69  5:30  Probe  
  69  5:32  Charge  
  69  5:35  Probe  
  71  5:42  Protoss Ground Weapons Level 1 (Chrono Boost), Probe  
  72  5:44  Shield Battery  
  72  5:46  Warp Prism  
  72  5:47  Probe  
  75  5:50  Gateway  
  75  5:51  Gateway  
  75  5:54  Probe  
  72  5:59  Probe  
  72  6:01  Sentry  
  72  6:02  Sentry  
  73  6:05  Probe  
  73  6:06  Probe  
  73  6:11  Probe  
  76  6:17  Probe  
  78  6:18  Probe  
  78  6:26  Zealot  
  78  6:27  Zealot, Probe  
  78  6:30  Probe  
  78  6:31  Templar Archives  
  84  6:34  Gateway  
  84  6:35  Gateway x3  
  84  6:42  Probe x2  
  84  6:43  Gateway  
  84  6:44  Assimilator, Gateway  
  86  6:47  Assimilator  
  86  6:49  Photon Cannon  
  86  6:50  Probe  
  87  6:54  Probe  
  87  6:56  Probe  
  87  6:59  Pylon x2  
  89  7:07  High Templar  
  89  7:08  High Templar x3  
  97  7:10  Phoenix (Chrono Boost)  
  97  7:12  Photon Cannon  
  97  7:13  Photon Cannon  
  99  7:16  Archon x2  
  96  7:23  Photon Cannon  
  96  7:30  Zealot x2, High Templar x2  
  96  7:32  Phoenix  
  96  7:34  Archon  
  106  7:38  Zealot  
  106  7:41  Protoss Ground Weapons Level 2 (Chrono Boost)  
  106  7:42  Pylon  
  106  7:44  Pylon  
  106  7:45  Zealot x5  
  113  7:56  Phoenix  
  113  8:03  Zealot x5  
  116  8:09  Immortal (Chrono Boost)  
  116  8:12  Zealot x3  
  122  8:15  Zealot  
  106  8:40  High Templar x3, Immortal (Chrono Boost)  
  106  8:41  Zealot, High Templar  
  110  8:42  Zealot x3  
  110  8:45  Archon x2  
  116  9:02  Nexus  
  116  9:04  Pylon  
  116  9:06  High Templar x2  
  116  9:07  Zealot x4  
  128  9:12  Immortal (Chrono Boost), Archon  
  130  9:26  Zealot x4  
  130  9:27  Shield Battery  
  130  9:28  Shield Battery  
  133  9:35  Zealot x2, High Templar x2  
  139  9:42  Archon  
  139  9:43  Probe x2  
  141  9:46  Pylon  
  141  9:48  Pylon  
  141  9:50  Pylon  
  141  9:55  Fleet Beacon  
  141  9:56  Stargate  
  141  10:04  Probe x2  
  141  10:06  Probe  
  144  10:08  Pylon  
  145  10:14  Observer (Chrono Boost)  
  145  10:16  Probe  
  145  10:17  Probe  
  145  10:21  Zealot x2, High Templar x4  
  149  10:22  Zealot x4  
  149  10:25  Archon x2  
  163  10:31  Photon Cannon  
  163  10:32  Warp Prism (Chrono Boost)  
  165  10:44  Zealot x5  
  161  11:01  Zealot x5  
  125  11:13  Zealot x5  
  125  11:17  Probe x2  
  125  11:18  Assimilator x2, Probe  
  138  11:23  Stalker  
  138  11:24  Stalker x4  
  131  11:44  Zealot x5  
  137  11:49  Zealot x5  
Show
View Real Time Build Order
Export as new Build Order

Van Zerg 

Build Orders: Hatch First, Muta Ling Bane 

Get SALT Encoding   

  12  0:00  Drone  
  13  0:13  Overlord  
  13  0:17  Drone  
  14  0:32  Drone x2  
  16  0:43  Drone  
  17  0:53  Hatchery  
  17  0:55  Drone  
  17  0:58  Drone  
  18  1:09  Extractor  
  17  1:14  Spawning Pool  
  17  1:16  Drone  
  17  1:19  Drone  
  18  1:29  Drone  
  19  1:40  Drone  
  20  1:51  Overlord  
  20  2:00  Queen  
  22  2:04  Queen  
  22  2:05  Zergling x4  
  26  2:12  Drone, Metabolic Boost  
  27  2:16  Drone  
  28  2:25  Drone  
  29  2:32  Hatchery  
  29  2:35  Drone  
  29  2:40  Drone  
  30  2:45  Queen  
  32  2:53  Overlord  
  32  2:57  Drone  
  33  3:00  Zergling x2  
  33  3:02  Zergling x2  
  33  3:04  Drone  
  36  3:13  Zergling x2  
  36  3:15  Drone x3  
  36  3:18  Overlord  
  40  3:20  Drone  
  40  3:25  Drone  
  42  3:32  Drone  
  41  3:35  Spore Crawler  
  41  3:36  Drone  
  41  3:40  Queen  
  43  3:41  Drone  
  43  3:47  Drone  
  43  3:48  Drone x4  
  49  3:53  Spore Crawler  
  48  4:00  Overlord  
  45  4:03  Drone  
  45  4:04  Spore Crawler  
  43  4:10  Drone x6  
  49  4:22  Lair  
  48  4:26  Drone x4  
  48  4:27  Spore Crawler  
  48  4:28  Drone  
  52  4:33  Queen  
  53  4:41  Overlord  
  53  4:44  Drone x3  
  54  4:49  Extractor  
  54  4:50  Drone, Extractor  
  54  4:51  Drone, Roach Warren  
  53  4:59  Overlord  
  53  5:01  Drone x3  
  53  5:02  Drone x2  
  53  5:05  Zergling x6  
  61  5:16  Overlord  
  61  5:19  Overlord  
  61  5:22  Spire  
  61  5:23  Extractor  
  61  5:24  Overseer  
  61  5:27  Drone x6  
  65  5:32  Zergling x4  
  67  5:36  Zergling x2  
  67  5:37  Zergling x2  
  67  5:38  Drone x3  
  70  5:45  Drone x2  
  65  5:51  Drone x6  
  65  5:55  Drone x3  
  72  5:58  Glial Reconstitution  
  72  6:00  Extractor  
  72  6:01  Drone x2, Extractor  
  72  6:02  Drone  
  69  6:08  Drone  
  70  6:14  Drone x4  
  70  6:15  Evolution Chamber  
  73  6:19  Overlord  
  72  6:26  Drone x8  
  80  6:38  Hatchery  
  79  6:43  Zerg Missile Weapons Level 1  
  79  6:44  Drone  
  80  6:50  Mutalisk x4  
  88  6:55  Mutalisk x2  
  88  6:56  Mutalisk  
  94  7:01  Overlord, Mutalisk  
  94  7:06  Drone  
  94  7:07  Overlord  
  97  7:10  Baneling Nest  
  97  7:11  Overlord  
  97  7:12  Overlord  
  96  7:21  Roach x5  
  106  7:25  Overlord  
  106  7:31  Overlord  
  106  7:32  Roach x6  
  106  7:36  Overlord  
  117  7:39  Roach  
  117  7:40  Roach  
  121  7:44  Ravager x3  
  121  7:45  Ravager  
  121  7:46  Roach x2  
  129  7:53  Roach, Zergling x2  
  129  7:54  Roach x3, Zergling x2  
  139  8:01  Roach x3, Zergling x6  
  139  8:02  Roach  
  143  8:08  Roach x2, Zergling x4  
  141  8:14  Roach, Zergling x4  
  141  8:18  Roach x2, Zergling x2  
  142  8:23  Roach x2, Zergling x6  
  142  8:31  Roach, Zergling x4  
  143  8:40  Zerg Melee Weapons Level 1  
  143  8:41  Drone x6, Queen  
  146  8:47  Roach x2, Zergling x4  
  150  8:53  Drone  
  150  9:04  Overlord  
  150  9:06  Centrifical Hooks  
  150  9:08  Overlord  
  150  9:11  Overlord  
  150  9:13  Overlord  
  150  9:15  Spore Crawler  
  147  9:18  Overlord x2  
  147  9:22  Queen x2  
  147  9:23  Corruptor x2  
  151  9:28  Overlord  
  149  9:33  Corruptor x3  
  149  9:35  Roach x5  
  145  9:42  Roach x4, Zergling x2  
  152  9:50  Drone x8  
  160  9:54  Ravager x2  
  160  9:55  Ravager x2  
  160  9:56  Baneling  
  164  10:05  Zergling x10  
  169  10:10  Hatchery  
  168  10:14  Extractor  
  168  10:17  Drone  
  168  10:18  Drone  
  168  10:19  Infestation Pit  
  168  10:21  Zergling x12  
  174  10:30  Drone  
  174  10:35  Extractor  
  174  10:36  Drone, Baneling x8  
  174  10:37  Drone x2  
  174  10:41  Overlord  
  177  10:43  Zergling x18  
  177  10:45  Baneling x13  
  167  10:59  Roach, Zergling x4  
  167  11:00  Roach x3, Zergling x4  
  136  11:07  Roach x2, Zergling x6  
  136  11:10  Zergling x2  
  136  11:11  Queen x2, Roach  
  133  11:17  Roach  
  139  11:22  Roach x3  
  145  11:28  Hatchery  
  145  11:32  Roach x2, Zergling x4  
  139  11:36  Roach  
  139  11:37  Roach  

Tags
 
Add a new tag
Caveats
  • Supply blocks, unpowered buildings, or Contaminate may cause inaccurate times.
  • Supply counts are checked every 10 seconds.